3L
PANAMA CITY PIRANHAS @ CLEVELAND BROWNS
09/02/2039
 
TOP OF THE 1ST
Panama City Piranhas batting - Pitching for Cleveland Browns : RHP Jeff Merritt
Pitching: RHP Jeff Merritt
Batting: RHB Silvio Bonauiti 0-0: Ball
1-0: Ball
2-0: Foul Ball, location: 2F
2-1: Foul Ball, location: 2F
2-2: Foul Ball, location: 2F
2-2: Ball
3-2: Ground out 5-3 (Groundball, 56S, EV 78.8 MPH)
Batting: RHB Chrysler Rodriguez 0-0: Fly out, F9 (Flyball, 9, EV 83.8 MPH)
Batting: RHB António Mendoza 0-0: Called Strike
0-1: Ball
1-1: Ball
2-1: Ball
3-1: Called Strike
3-2: Base on Balls
Batting: SHB Ben Boston 0-0: Ball
1-0: Ball
2-0: Swinging Strike
2-1: Swinging Strike
2-2: DOUBLE (Line Drive, 89D, EV 110.6 MPH)
António Mendoza to third
Batting: LHB José Ocasio 0-0: Fly out, F8 (Flyball, 8RD, EV 96.2 MPH)
Top of the 1st over - 0 runs, 1 hit, 0 errors, 2 left on base; Panama City 0 - Cleveland 0
BOTTOM OF THE 1ST
Cleveland Browns batting - Pitching for Panama City Piranhas : RHP Román Mejía
Pitching: RHP Román Mejía
Batting: LHB Danny Rodríguez 0-0: Ball
1-0: Ball
2-0: Called Strike
2-1: Foul Ball, location: 2F
2-2: Foul Ball, location: 2F
2-2: Ball
3-2: Strikes out swinging
Batting: LHB León Castillo 0-0: Called Strike
0-1: Ground out 5-3 (Groundball, 5, EV 85.6 MPH)
Batting: LHB Sadatake Abe 0-0: Ball
1-0: Ball
2-0: Foul Ball, location: 2F
2-1: Ball
3-1: Base on Balls
Batting: LHB Surender Nada 0-0: Ball
1-0: Fly out, F7 (Line Drive, 7, EV 109.4 MPH)
Bottom of the 1st over - 0 runs, 0 hits, 0 errors, 1 left on base; Panama City 0 - Cleveland 0
TOP OF THE 2ND
Panama City Piranhas batting - Pitching for Cleveland Browns : RHP Jeff Merritt
Batting: RHB Craig Tricket 0-0: Foul Ball, location: 2F
0-1: Foul Ball, location: 2F
0-2: Ball
1-2: Foul Ball, location: 2F
1-2: Ball
2-2: DOUBLE (Flyball, 78D, EV 95.0 MPH)
Batting: RHB Tyler Marés 0-0: Ball
1-0: Ball
2-0: Swinging Strike
2-1: Swinging Strike
2-2: Ball
3-2: Base on Balls
Batting: RHB Rodney Clancy 0-0: Called Strike
0-1: Foul Ball, location: 2F
0-2: Ball
1-2: Foul Ball, location: 2F
1-2: Fly out, F7 (Flyball, 7, EV 88.1 MPH)
Batting: RHB Bruno Williams 0-0: Grounds into double play, 6-4-3 (Groundball, 6, EV 100.6 MPH)
Top of the 2nd over - 0 runs, 1 hit, 0 errors, 1 left on base; Panama City 0 - Cleveland 0
BOTTOM OF THE 2ND
Cleveland Browns batting - Pitching for Panama City Piranhas : RHP Román Mejía
Batting: LHB Lauren Hilfiker 0-0: Fly out, F7 (Flyball, 7, EV 86.9 MPH)
Batting: RHB Katsuhiko Ishihara 0-0: Foul Ball, location: 2F
0-1: Called Strike
0-2: SINGLE (Line Drive, 4MD, EV 98.1 MPH)
Batting: SHB Jhett Larson 0-0: Fielders Choice at 2nd, 1-4 (Groundball, 15, EV 78.1 MPH)
Batting: RHB José Carlos Pérez 0-0: Called Strike
0-1: Ball
1-1: Ball
2-1: Ground out 4-3 (Groundball, 4, EV 81.9 MPH)
Bottom of the 2nd over - 0 runs, 1 hit, 0 errors, 1 left on base; Panama City 0 - Cleveland 0
TOP OF THE 3RD
Panama City Piranhas batting - Pitching for Cleveland Browns : RHP Jeff Merritt
Batting: RHB Silvio Bonauiti 0-0: Swinging Strike
0-1: Ball
1-1: Ball
2-1: Called Strike
2-2: Ground out 1-3 (Groundball, 34S, EV 78.8 MPH)
Batting: RHB Chrysler Rodriguez 0-0: Ball
1-0: Fly out, F7 (Flyball, 7, EV 81.9 MPH)
Batting: RHB António Mendoza 0-0: Called Strike
0-1: Ground out 1-3 (Groundball, 13S, EV 65.0 MPH)
Top of the 3rd over - 0 runs, 0 hits, 0 errors, 0 left on base; Panama City 0 - Cleveland 0
BOTTOM OF THE 3RD
Cleveland Browns batting - Pitching for Panama City Piranhas : RHP Román Mejía
Batting: RHB Yu-shu Tseng 0-0: Ball
1-0: Called Strike
1-1: Swinging Strike
1-2: Ball
2-2: Strikes out swinging
Batting: LHB Danny Rodríguez 0-0: Foul Ball, location: 2F
0-1: Ball
1-1: Ball
2-1: Ball
3-1: Base on Balls
Batting: LHB León Castillo 0-0: Ball
1-0: Ball
2-0: Ball
3-0: Base on Balls
Danny Rodríguez to second
Batting: LHB Sadatake Abe 0-0: SINGLE (Line Drive, 7S, EV 108.1 MPH)
Danny Rodríguez to third
León Castillo to second
Batting: LHB Surender Nada 0-0: Ball
1-0: Ball
2-0: Foul Ball, location: 2F
2-1: Fly out, F8 (Line Drive, 8LD, EV 93.1 MPH)
Runner from 3rd tags up, SCORES, throw by CF
Batting: LHB Lauren Hilfiker 0-0: Called Strike
0-1: DOUBLE (Flyball, 89D, EV 96.2 MPH)
León Castillo scores
Sadatake Abe to third
Runner from 3rd tries for Home, SAFE, no throw by RF
Batting: RHB Katsuhiko Ishihara 0-0: Ball
1-0: Fly out, F3 (Popup, 3SF, EV 65.0 MPH)
Bottom of the 3rd over - 3 runs, 2 hits, 0 errors, 1 left on base; Panama City 0 - Cleveland 3
TOP OF THE 4TH
Panama City Piranhas batting - Pitching for Cleveland Browns : RHP Jeff Merritt
Batting: SHB Ben Boston 0-0: Called Strike
0-1: Foul Ball, location: 2F
0-2: SINGLE (Groundball, 4MD, EV 104.4 MPH)
Batting: LHB José Ocasio 0-0: Ball
1-0: Ball
2-0: Ball
3-0: Swinging Strike
3-1: Swinging Strike
3-2: Strikes out swinging
Batting: RHB Craig Tricket 0-0: Ball
1-0: Ball
2-0: Ball
3-0: Base on Balls
Ben Boston to second
Batting: RHB Tyler Marés 0-0: Called Strike
0-1: Ball
1-1: Foul Ball, location: 2F
1-2: Ball
2-2: Foul Ball, location: 2F
2-2: Strikes out looking
Batting: RHB Rodney Clancy 0-0: Swinging Strike
0-1: Swinging Strike
0-2: Ball
1-2: Reached on error, E3 (Groundball, 3, EV 105.6 MPH)
Ben Boston to third
Craig Tricket to second
Batting: RHB Bruno Williams 0-0: Ball
1-0: Swinging Strike
1-1: Foul Ball, location: 2F
1-2: Ball
2-2: Foul Ball, location: 2F
2-2: Strikes out looking
Top of the 4th over - 0 runs, 1 hit, 1 error, 3 left on base; Panama City 0 - Cleveland 3
BOTTOM OF THE 4TH
Cleveland Browns batting - Pitching for Panama City Piranhas : RHP Román Mejía
Batting: SHB Jhett Larson 0-0: Ball
1-0: Ground out 4-3 (Groundball, 34, EV 86.2 MPH)
Batting: RHB José Carlos Pérez 0-0: Fly out, F4 (Flyball, 34D, EV 90.0 MPH)
Batting: RHB Yu-shu Tseng 0-0: SOLO HOME RUN (Flyball, 7D, EV 101.2 MPH), Distance : 396 ft
Batting: LHB Danny Rodríguez 0-0: Ball
1-0: SINGLE (Groundball, 34S, EV 87.5 MPH) (infield hit)
Batting: LHB León Castillo 0-0: Swinging Strike
0-1: Called Strike
0-2: Foul Ball, location: 2F
0-2: Ball
1-2: Foul Ball, location: 2F
1-2: Foul Ball, location: 2F
1-2: Ball
2-2: Ball
3-2: Base on Balls
Danny Rodríguez to second
Batting: LHB Sadatake Abe 0-0: SINGLE (Line Drive, 78S, EV 103.8 MPH)
Danny Rodríguez to third
León Castillo to second
Runner from 3rd tries for Home, SAFE, no throw by LF
Batting: LHB Surender Nada 0-0: Called Strike
0-1: Ball
1-1: Ball
2-1: Foul Ball, location: 2F
2-2: Strikes out looking
Bottom of the 4th over - 2 runs, 3 hits, 0 errors, 2 left on base; Panama City 0 - Cleveland 5
TOP OF THE 5TH
Panama City Piranhas batting - Pitching for Cleveland Browns : RHP Jeff Merritt
Batting: RHB Silvio Bonauiti 0-0: Ball
1-0: Called Strike
1-1: Foul Ball, location: 2F
1-2: Ball
2-2: Strikes out swinging
Batting: RHB Chrysler Rodriguez 0-0: Fly out, F5 (Popup, 56S, EV 81.2 MPH)
Batting: RHB António Mendoza 0-0: Ball
1-0: Foul Ball, location: 2F
1-1: SINGLE (Line Drive, 89S, EV 108.1 MPH)
Batting: SHB Ben Boston 0-0: Called Strike
0-1: SINGLE (Groundball, 34D, EV 106.2 MPH)
António Mendoza to second
Runner from 2nd tries for 3rd, SAFE, throw by RF made to third
Pinch Runner at 3rd Kieran Hansen:
Batting: LHB José Ocasio 0-0: Ball
1-0: Called Strike
1-1: Fielders Choice at 2nd, 5-4 (Groundball, 56, EV 85.0 MPH)
Top of the 5th over - 0 runs, 2 hits, 0 errors, 2 left on base; Panama City 0 - Cleveland 5
BOTTOM OF THE 5TH
Cleveland Browns batting - Pitching for Panama City Piranhas : RHP Román Mejía
Now in RF: Arsenio Laurel
Batting: LHB Lauren Hilfiker 0-0: Ball
1-0: Fly out, F8 (Flyball, 8RD, EV 92.5 MPH)
Batting: RHB Katsuhiko Ishihara 0-0: Ball
1-0: Ground out 3-1 (Groundball, 34, EV 106.9 MPH)
Batting: SHB Jhett Larson 0-0: Fly out, F7 (Flyball, 78S, EV 75.6 MPH)
Bottom of the 5th over - 0 runs, 0 hits, 0 errors, 0 left on base; Panama City 0 - Cleveland 5
TOP OF THE 6TH
Panama City Piranhas batting - Pitching for Cleveland Browns : RHP Jeff Merritt
Batting: RHB Craig Tricket 0-0: Foul Ball, location: 2F
0-1: Called Strike
0-2: Ball
1-2: Ball
2-2: Ball
3-2: Foul Ball, location: 2F
3-2: SINGLE (Flyball, 8RS, EV 96.9 MPH)
Batting: RHB Tyler Marés 0-0: Called Strike
0-1: Ball
1-1: Foul Ball, location: 2F
1-2: Foul Ball, location: 2F
1-2: Ball
2-2: Ball
3-2: Strikes out swinging
Pitching: RHP Bob Shepard
Batting: RHB Rodney Clancy 0-0: Ball
1-0: Called Strike
1-1: Called Strike
1-2: Ball
2-2: Strikes out swinging
Batting: RHB Bruno Williams 0-0: Called Strike
0-1: Fly out, F6 (Line Drive, 6, EV 60.6 MPH)
Top of the 6th over - 0 runs, 1 hit, 0 errors, 1 left on base; Panama City 0 - Cleveland 5
BOTTOM OF THE 6TH
Cleveland Browns batting - Pitching for Panama City Piranhas : RHP Román Mejía
Batting: RHB José Carlos Pérez 0-0: Ball
1-0: Ball
2-0: Foul Ball, location: 2F
2-1: Fly out, F4 (Line Drive, 4, EV 75.6 MPH)
Batting: RHB Yu-shu Tseng 0-0: Ball
1-0: Foul Ball, location: 2F
1-1: Ground out 5-3 (Groundball, 5, EV 100.0 MPH)
Batting: LHB Danny Rodríguez 0-0: Called Strike
0-1: Ball
1-1: Ball
2-1: Called Strike
2-2: Ball
3-2: Foul Ball, location: 2F
3-2: Foul Ball, location: 2F
3-2: Base on Balls
Pitching: RHP Tobías Pérez
Batting: LHB León Castillo 0-0: Called Strike
0-1: Swinging Strike
0-2: Ball
Balk!
Danny Rodríguez to second
1-2: Strikes out swinging
Bottom of the 6th over - 0 runs, 0 hits, 0 errors, 1 left on base; Panama City 0 - Cleveland 5
TOP OF THE 7TH
Panama City Piranhas batting - Pitching for Cleveland Browns : RHP Bob Shepard
Batting: RHB Silvio Bonauiti 0-0: Swinging Strike
0-1: Swinging Strike
0-2: Strikes out looking
Batting: RHB Chrysler Rodriguez 0-0: Called Strike
0-1: Ball
1-1: Ball
2-1: Swinging Strike
2-2: Fly out, F7 (Flyball, 7S, EV 77.5 MPH)
Batting: RHB Arsenio Laurel 0-0: Ball
1-0: SINGLE (Flyball, 78M, EV 93.1 MPH)
Batting: SHB Ben Boston 0-0: DOUBLE (Flyball, 8LD, EV 86.9 MPH)
Arsenio Laurel to third
Runner from 3rd tries for Home, SAFE, no throw by CF
Batting: LHB José Ocasio 0-0: Swinging Strike
0-1: Swinging Strike
0-2: Foul Ball, location: 2F
0-2: Strikes out swinging
Top of the 7th over - 1 run, 2 hits, 0 errors, 1 left on base; Panama City 1 - Cleveland 5
BOTTOM OF THE 7TH
Cleveland Browns batting - Pitching for Panama City Piranhas : RHP Tobías Pérez
Batting: LHB Sadatake Abe 0-0: Foul Ball, location: 2F
0-1: Called Strike
0-2: Foul Ball, location: 2F
0-2: Strikes out swinging
Batting: LHB Surender Nada 0-0: Called Strike
0-1: SINGLE (Line Drive, 89S, EV 93.1 MPH)
Batting: LHB Lauren Hilfiker 0-0: Ball
1-0: Ball
2-0: Fly out, F7 (Flyball, 78D, EV 98.8 MPH)
Batting: RHB Katsuhiko Ishihara 0-0: Swinging Strike
0-1: Swinging Strike
0-2: Foul Ball, location: 2F
0-2: Ball
1-2: Ball
2-2: Foul Ball, location: 2F
2-2: Ground out 4-3 (Groundball, 4, EV 81.2 MPH)
Bottom of the 7th over - 0 runs, 1 hit, 0 errors, 1 left on base; Panama City 1 - Cleveland 5
TOP OF THE 8TH
Panama City Piranhas batting - Pitching for Cleveland Browns : RHP Bob Shepard
Batting: RHB Craig Tricket 0-0: Ball
1-0: Swinging Strike
1-1: Fly out, F7 (Flyball, 7D, EV 79.4 MPH)
Batting: RHB Tyler Marés 0-0: SINGLE (Groundball, 6MS, EV 72.5 MPH) (infield hit)
Batting: RHB Rodney Clancy 0-0: Ground out 5-3 (Groundball, 56S, EV 68.1 MPH)
Tyler Marés to second
Batting: RHB Bruno Williams 0-0: Ball
1-0: Ball
2-0: Foul Ball, location: 2F
2-1: Called Strike
2-2: Strikes out swinging
Top of the 8th over - 0 runs, 1 hit, 0 errors, 1 left on base; Panama City 1 - Cleveland 5
BOTTOM OF THE 8TH
Cleveland Browns batting - Pitching for Panama City Piranhas : RHP Tobías Pérez
Batting: SHB Jhett Larson 0-0: SINGLE (Line Drive, 7S, EV 96.2 MPH)
Batting: RHB José Carlos Pérez 0-0: Sac Bunt to 15S - play at first, batter OUT! 1-3
Jhett Larson to second
Batting: RHB Yu-shu Tseng 0-0: Ground out 6-3 (Groundball, 6, EV 81.9 MPH)
Jhett Larson to third
Batting: LHB Danny Rodríguez 0-0: Ball
1-0: Called Strike
1-1: Called Strike
1-2: Fly out, F8 (Flyball, 8LM, EV 90.6 MPH)
Bottom of the 8th over - 0 runs, 1 hit, 0 errors, 1 left on base; Panama City 1 - Cleveland 5
TOP OF THE 9TH
Panama City Piranhas batting - Pitching for Cleveland Browns : RHP Bob Shepard
Batting: RHB Silvio Bonauiti 0-0: Ball
1-0: Swinging Strike
1-1: Foul Ball, location: 2F
1-2: Fly out, F3 (Popup, 34, EV 69.4 MPH)
Batting: RHB Chrysler Rodriguez 0-0: Ball
1-0: Fly out, F7 (Line Drive, 7, EV 90.6 MPH)
Pitching: RHP Tomás Huesca
Batting: RHB Arsenio Laurel 0-0: Ball
1-0: SINGLE (Groundball, 4D, EV 97.5 MPH)
Batting: SHB Ben Boston 0-0: Called Strike
0-1: Foul Ball, location: 2F
0-2: Fielders Choice at 2nd, 6-4 (Groundball, 6, EV 86.9 MPH)
Top of the 9th over - 0 runs, 1 hit, 0 errors, 1 left on base; Panama City 1 - Cleveland 5
Wednesday, July 8th, 2020 - OOTP Baseball 20.8 Build 74